Map: Dusk Towers

Players

harstem - Winner!

  • Race: Protoss Protoss
  • League: Grandmaster

Shura (Scarlett)

  • Race: Zerg Zerg

Event: Harstem vs Scarlett (matcherino)

VOD

https://www.youtube.com/watch?v=WgmovkfO3b0

Description

Time

  • Played on: Nov. 23, 2015, noon
  • Length: 10:25
Show
View Real Time Build Order
Export as new Build Order

harstem Protoss - Winner!

Build Orders: Nexus First 

Get SALT Encoding   

  12  0:01  Probe (Chrono Boost)  
  13  0:12  Probe (Chrono Boost)  
  14  0:17  Pylon  
  14  0:22  Probe (Chrono Boost)  
  16  0:35  Probe (Chrono Boost)  
  16  0:46  Probe (Chrono Boost)  
  17  0:57  Nexus  
  17  1:08  Gateway  
  18  1:11  Probe (Chrono Boost)  
  18  1:21  Probe (Chrono Boost)  
  18  1:23  Assimilator  
  19  1:27  Assimilator  
  19  1:32  Probe (Chrono Boost)  
  20  1:42  Gateway  
  20  1:43  Probe (Chrono Boost)  
  21  1:53  Probe (Chrono Boost)  
  22  1:56  Cybernetics Core  
  22  2:04  Probe (Chrono Boost)  
  23  2:09  Probe (Chrono Boost)  
  23  2:14  Probe (Chrono Boost)  
  25  2:20  Probe (Chrono Boost)  
  26  2:25  Probe (Chrono Boost)  
  27  2:30  Probe (Chrono Boost)  
  27  2:33  Adept x2 (Chrono Boost)  
  27  2:34  Warp Gate  
  27  2:35  Probe  
  33  2:38  Pylon  
  33  2:42  Probe  
  34  2:47  Probe  
  35  2:54  Probe  
  35  2:57  Adept (Chrono Boost)  
  35  2:58  Sentry (Chrono Boost)  
  39  2:59  Probe  
  40  3:06  Probe (Chrono Boost)  
  40  3:11  Robotics Facility  
  40  3:12  Probe (Chrono Boost), Pylon  
  42  3:18  Probe (Chrono Boost)  
  43  3:23  Probe (Chrono Boost)  
  44  3:29  Probe (Chrono Boost)  
  44  3:31  Sentry  
  44  3:33  Probe (Chrono Boost)  
  48  3:37  Sentry, Pylon  
  48  3:39  Probe (Chrono Boost)  
  51  3:44  Probe (Chrono Boost)  
  52  3:50  Probe (Chrono Boost)  
  52  3:53  Nexus  
  52  3:54  Pylon  
  54  4:00  Warp Prism (Chrono Boost)  
  54  4:02  Probe  
  56  4:03  Mothership Core  
  56  4:09  Assimilator  
  58  4:12  Assimilator  
  58  4:13  Probe  
  59  4:20  Gateway  
  59  4:23  Probe, Forge  
  59  4:24  Probe  
  61  4:34  Probe, Observer (Chrono Boost)  
  61  4:36  Probe  
  64  4:40  Twilight Council  
  64  4:42  Adept x2  
  64  4:44  Probe  
  68  4:48  Probe  
  68  4:50  Pylon  
  70  4:58  Gateway  
  70  5:00  Gateway  
  70  5:03  Probe  
  70  5:05  Adept x2  
  75  5:07  Probe  
  75  5:10  Probe  
  75  5:11  Protoss Ground Weapons Level 1 (Chrono Boost)  
  75  5:13  Probe  
  77  5:14  Pylon  
  77  5:19  Adept  
  77  5:21  Probe  
  81  5:22  Probe  
  82  5:36  Probe x2  
  82  5:38  Probe  
  82  5:41  Gateway  
  82  5:42  Sentry x3, Gateway  
  91  5:44  Pylon  
  91  5:47  Probe  
  91  5:49  Blink (Chrono Boost)  
  92  5:52  Probe x2  
  92  5:54  Assimilator  
  92  5:56  Pylon  
  94  6:01  Stalker  
  94  6:02  Stalker  
  98  6:05  Probe  
  98  6:06  Probe  
  98  6:08  Assimilator  
  98  6:09  Stalker x2  
  104  6:12  Pylon  
  98  6:19  Probe  
  98  6:20  Probe  
  98  6:25  Robotics Bay  
  98  6:29  Pylon  
  98  6:32  Stalker  
  98  6:33  Stalker x3  
  98  6:36  Probe  
  98  6:38  Probe  
  98  6:39  Protoss Ground Weapons Level 2 (Chrono Boost)  
  107  6:42  Stalker, Observer  
  107  6:43  Pylon  
  107  6:45  Pylon  
  111  6:54  Adept  
  111  6:55  Adept  
  111  6:57  Probe  
  116  7:05  Stalker x2  
  120  7:09  Pylon  
  120  7:18  Disruptor  
  120  7:19  Nexus  
  120  7:22  Pylon  
  119  7:24  Stalker x4  
  130  7:30  Adept x2  
  130  7:33  Probe x2  
  136  7:38  Stalker  
  136  7:39  Probe  
  139  7:45  Probe, Pylon  
  139  7:46  Gateway  
  139  7:48  Gateway  
  139  7:49  Disruptor  
  139  7:50  Photon Cannon  
  139  7:51  Stalker  
  145  8:08  Stalker x3  
  145  8:09  Stalker x3  
  157  8:20  Disruptor  
  157  8:26  Stalker  
  162  8:27  Probe  
  162  8:28  Probe x2  
  162  8:29  Assimilator  
  162  8:33  Stalker x3  
  171  8:34  Assimilator  
  171  8:37  Adept x3  
  171  8:38  Resonating Glaives (Chrono Boost)  
  171  8:47  Probe  
  170  8:49  Pylon  
  170  8:52  Adept x4, Pylon  
  167  9:08  Adept x5  
  167  9:09  Disruptor  
  136  9:23  Adept x4  
  134  9:29  Stalker x5  
  136  9:35  Probe x4  
  136  9:37  Robotics Facility  
  140  9:44  Immortal  
  140  9:45  Stalker x4  
  151  9:47  Probe x2  
  150  10:03  Adept x5  
  152  10:09  Adept x4  
Show
View Real Time Build Order
Export as new Build Order

Shura Zerg 

Build Orders: Hatch First 

Get SALT Encoding   

  12  0:01  Drone  
  13  0:13  Overlord  
  13  0:19  Drone  
  14  0:31  Drone x2  
  16  0:36  Drone  
  17  0:46  Drone  
  18  0:55  Hatchery  
  17  0:58  Drone  
  18  1:10  Spawning Pool  
  17  1:13  Drone  
  18  1:18  Drone  
  19  1:30  Drone  
  20  1:40  Hatchery  
  20  1:44  Drone  
  20  1:51  Drone  
  21  2:01  Zergling x2  
  22  2:06  Queen  
  22  2:07  Queen  
  26  2:08  Drone  
  26  2:14  Overlord  
  27  2:25  Drone  
  28  2:33  Drone x3  
  31  2:41  Queen  
  31  2:43  Queen  
  35  2:44  Overlord  
  35  2:46  Drone  
  36  2:54  Extractor  
  36  2:55  Drone x2, Extractor  
  36  2:56  Drone  
  36  3:10  Queen  
  36  3:11  Zergling x8  
  42  3:13  Overlord  
  42  3:15  Drone  
  43  3:23  Zergling x2  
  43  3:24  Drone x3  
  43  3:25  Drone  
  48  3:33  Overlord  
  49  3:34  Drone x2  
  50  3:42  Overlord  
  50  3:43  Drone x2  
  52  3:55  Drone x6  
  56  4:00  Lair  
  58  4:07  Drone  
  58  4:08  Drone x4  
  63  4:14  Evolution Chamber  
  63  4:16  Evolution Chamber  
  61  4:23  Drone  
  61  4:24  Drone x6  
  68  4:26  Drone  
  68  4:28  Drone  
  68  4:29  Drone  
  71  4:31  Extractor  
  71  4:32  Overlord  
  71  4:33  Extractor  
  71  4:35  Drone  
  70  4:40  Drone  
  70  4:41  Drone x3  
  74  4:49  Metabolic Boost  
  74  4:53  Zergling x10  
  74  4:59  Overlord  
  79  5:00  Spine Crawler  
  79  5:05  Hydralisk Den  
  79  5:06  Zerg Missile Weapons Level 1, Zerg Ground Armor Level 1  
  77  5:10  Overlord x2  
  77  5:11  Spine Crawler  
  77  5:13  Queen  
  78  5:16  Extractor  
  78  5:19  Zergling x4  
  78  5:20  Spine Crawler, Zergling x2  
  79  5:23  Queen  
  81  5:38  Hydralisk  
  81  5:39  Hydralisk x6  
  95  5:46  Drone x3, Extractor  
  95  5:48  Hydralisk  
  95  5:49  Hydralisk  
  102  5:59  Drone x2  
  102  6:00  Drone, Infestation Pit  
  102  6:01  Drone  
  102  6:02  Drone  
  106  6:04  Overlord x2  
  100  6:23  Drone x8  
  107  6:29  Drone  
  108  6:34  Hatchery  
  107  6:41  Drone x3  
  107  6:46  Hive  
  110  6:50  Hatchery  
  110  6:51  Drone  
  110  6:52  Drone x5  
  115  6:58  Overseer  
  115  7:09  Drone x5  
  115  7:10  Drone  
  115  7:11  Extractor  
  117  7:16  Drone x4  
  117  7:17  Extractor  
  115  7:26  Drone x3  
  118  7:34  Overlord x4  
  118  7:35  Overlord x2  
  118  7:36  Zerg Ground Armor Level 2, Zerg Missile Weapons Level 2  
  118  7:43  Lurker Den  
  118  7:51  Spore Crawler, Hydralisk x5  
  118  7:52  Hydralisk x2  
  129  7:58  Overseer  
  129  8:01  Hydralisk x6  
  141  8:06  Ultralisk Cavern  
  141  8:11  Hydralisk x5  
  150  8:17  Hydralisk  
  150  8:18  Hydralisk x2  
  156  8:41  Hydralisk x12  
  180  8:54  Overlord x2  
  180  8:55  Chitinous Plating, Overlord  
  168  9:04  Ultralisk x2  
  154  9:13  Hydralisk x6  
  128  9:24  Hydralisk x5  
  128  9:27  Hydralisk  
  128  9:28  Hydralisk  
  122  9:41  Hydralisk x4  
  122  9:42  Hydralisk x3  
  122  9:44  Queen  
  138  9:48  Overseer  
  138  9:51  Hydralisk  
  138  9:52  Hydralisk x2  

Tags
 
Add a new tag
Caveats
  • Supply blocks, unpowered buildings, or Contaminate may cause inaccurate times.
  • Supply counts are checked every 10 seconds.